Connexion

COLORADO Avalanche vs ARIZONA Coyotes

Created - 29 juillet 2023 at 05:48

Goals
1 2 3 T
COLORADO Avalanche 2 0 1 3
ARIZONA Coyotes 0 1 0 1
Shots
1 2 3 T
COLORADO Avalanche 15 7 15 37
ARIZONA Coyotes 8 10 5 23

GoalsPenalties
1st period
1. COLORADO Avalanche , Philip Tomasino 1 (Mark Pysyk 1, Luke Glendening 1) at 7:22
2. COLORADO Avalanche , Tyler Toffoli 1 (Anthony Mantha 1) at 19:43
Dougie Hamilton (ARI) for Hooking (Minor) at 10:56
2nd period
3. ARIZONA Coyotes , Brayden Point 1 (Nazem Kadri 1) at 15:56
Jake Muzzin (COL) for Holding (Minor) at 5:09
Luke Glendening (COL) for Tripping (Minor) at 9:31
Anthony Mantha (COL) for Interference (Minor) at 17:33
3rd period
4. COLORADO Avalanche , Artemi Panarin 1 (Johnny Gaudreau 2, Oscar Klefbom 1) at 19:24 (PP)
Brayden Point (ARI) for Tripping (Minor) at 0:30
Artemi Panarin (COL) for High sticking (Minor) at 7:49
Brenden Dillon (COL) for Boarding (Minor) at 12:32
Beau Starret (ARI) for Roughing (Double Minor) at 18:35
Goalie Stats
Braden Holtby (COL), 22 saves from 23 shots - (0,957), W, 1-1-0, 60:00 minutes
Andrei Vasilevsky (ARI), 34 saves from 37 shots - (0,919), L, 0-1-0, 60:00 minutes
3 StarsOfficial
1 - Philip Tomasino (COL)
2 - Tyler Toffoli (COL)
3 - Braden Holtby (COL)
Referees : Paul Devorski and Tim Peel
Linesman : Brad Lazarowich and Ryan Galloway
Game Note
No Game Note
Finance
Level 1 -- Attendance: 6000 (100,00%) -- Ticket Income 780 000 $
Level 2 -- Attendance: 4125 (100,00%) -- Ticket Income 412 500 $
Level 3 -- Attendance: 1625 (81,25%) -- Ticket Income 97 500 $
Level 4 -- Attendance: 3336 (83,40%) -- Ticket Income 133 440 $
Luxury Box -- Attendance: 989 (98,90%) -- Ticket Income 237 360 $
Game was played at the Jobing.com Arena.
Total Attendance: 16075 (93,87%)
Total Ticket Income: 1 660 800 $
Other Income: 332 160 $
Total Income: 1 992 960 $



Team Name Goals Shots Shots Attemp Shots Blocked PIM HIT PP PK FO%
COLORADO Avalanche 33778810241 / 4 (25%)047%
ARIZONA Coyotes 12351158160 / 5 (0%)153%

COLORADO Avalanche
Player Name POS G A P +/- PIM HIT SHT SB MP PP MP PP SHT PK MP PK SHT FO% FOT
Alex ChiassonLW/RW000000205:490:0000:0000% 0
Alexander WennbergC0000013016:532:3301:06040% 20
Anthony ManthaLW/RW0110243016:242:3310:38050% 2
Anze KopitarC0000004019:572:4900:00044% 25
Artemi PanarinLW1010216119:562:4930:0000% 1
Brenden DillonD0000251014:360:0001:0900% 0
Christian DjoosD0001022320:292:3524:4100% 0
Evgeny SvechnikovRW0001012011:250:0002:5300% 0
Glenn GawdinC/LW000000008:420:0002:53058% 12
Gustav LindstromD0000001013:280:0000:0000% 0
Jake MuzzinD0000221125:072:4704:1900% 0
Johnny GaudreauLW0110034019:572:4910:00067% 3
Luke GlendeningC/RW0111230013:060:0004:35050% 6
Mark PysykD0111000120:152:3504:2700% 0
Martin FrkRW000000105:490:0000:0000% 0
Oscar KlefbomD0110010226:032:4705:1400% 0
Philip TomasinoC1011004010:260:0001:54041% 17
Tyler ToffoliLW/RW1010013021:382:3315:510100% 2
ARIZONA Coyotes
Player Name POS G A P +/- PIM HIT SHT SB MP PP MP PP SHT PK MP PK SHT FO% FOT
Beau Starret C/LW000-1410016:574:2000:00055% 20
Braden SchneiderD0001000114:520:0000:5200% 0
Brayden PointC/RW1011204022:245:3511:110100% 1
Carl HagelinLW/RW000-1001010:090:0000:0000% 1
Dillon DubeC/LW/RW000000006:170:0000:000100% 2
Dougie HamiltonD000-1221223:095:1901:4600% 0
Justin AbdelkaderC/LW000-1021110:580:0000:49067% 12
Klim KostinC000001016:170:0000:00038% 8
Madison BoweyD000-1031522:095:0102:3000% 0
Matt BoldyLW/RW000-1003116:584:2010:0000% 0
Matthew TkachukLW/RW0001023024:365:3503:22050% 10
Nazem KadriC/LW/RW0111014124:365:3523:22048% 33
Sean DurziD000-1001121:584:3612:4400% 0
Timo MeierLW/RW000-1011018:484:2001:5000% 0
Travis BoydC/LW/RW000000106:270:0000:1000% 0
Tucker PoolmanD0001010114:260:1800:0800% 0
Victor OlofssonLW/RW000-1001010:090:0000:000100% 1
Vince DunnD000-1021123:254:3602:4400% 0



Play-by-Play

1st period


0:01 of 1st period - Nazem Kadri wins face-off versus Johnny Gaudreau in neutral zone.
0:31 of 1st period - Shot by Nazem Kadri.
0:31 of 1st period - Shot Misses the Net.
0:38 of 1st period - Icing by Oscar Klefbom.
0:39 of 1st period - Anze Kopitar wins face-off versus Beau Starret in COLORADO Avalanche zone.
0:48 of 1st period - Shot by Johnny Gaudreau.
0:48 of 1st period - Shot Misses the Net.
1:12 of 1st period - Shot by Matt Boldy.
1:12 of 1st period - Shot Misses the Net.
1:42 of 1st period - Timo Meier is hit by Tyler Toffoli and loses puck.
2:21 of 1st period - Icing by Sean Durzi.
2:22 of 1st period - Glenn Gawdin wins face-off versus Beau Starret in ARIZONA Coyotes zone.
2:27 of 1st period - Shot by Alex Chiasson.
2:27 of 1st period - Shot Blocked by Madison Bowey.
2:29 of 1st period - Shot by Martin Frk.
2:29 of 1st period - Stopped by Andrei Vasilevsky without a rebound.
2:30 of 1st period - Justin Abdelkader wins face-off versus Glenn Gawdin in ARIZONA Coyotes zone.
2:39 of 1st period - Shot by Carl Hagelin.
2:39 of 1st period - Stopped by Braden Holtby without a rebound.
2:40 of 1st period - Nazem Kadri wins face-off versus Anze Kopitar in COLORADO Avalanche zone.
3:10 of 1st period - Icing by Oscar Klefbom.
3:11 of 1st period - Anze Kopitar wins face-off versus Justin Abdelkader in COLORADO Avalanche zone.
3:11 of 1st period - Anze Kopitar is hit by Justin Abdelkader.
3:27 of 1st period - Shot by Artemi Panarin.
3:27 of 1st period - Stopped by Andrei Vasilevsky without a rebound.
3:28 of 1st period - Alexander Wennberg wins face-off versus Klim Kostin in ARIZONA Coyotes zone.
3:37 of 1st period - Shot by Anthony Mantha.
3:37 of 1st period - Shot Misses the Net.
3:49 of 1st period - Shot by Dillon Dube.
3:49 of 1st period - Shot Misses the Net.
3:51 of 1st period - Shot by Vince Dunn.
3:51 of 1st period - Shot Misses the Net.
4:08 of 1st period - Off-side.
4:09 of 1st period - Philip Tomasino wins face-off versus Nazem Kadri in neutral zone.
4:12 of 1st period - Matthew Tkachuk is hit by Luke Glendening and loses puck.
4:25 of 1st period - Shot by Luke Glendening.
4:25 of 1st period - Shot Blocked by Tucker Poolman.
4:27 of 1st period - Shot by Evgeny Svechnikov.
4:27 of 1st period - Stopped by Andrei Vasilevsky without a rebound.
4:28 of 1st period - Glenn Gawdin wins face-off versus Carl Hagelin in ARIZONA Coyotes zone.
4:51 of 1st period - Shot by Alex Chiasson.
4:51 of 1st period - Stopped by Andrei Vasilevsky with a rebound.
4:53 of 1st period - Shot by Jake Muzzin.
4:53 of 1st period - Shot Blocked by Madison Bowey.
4:59 of 1st period - Shot by Alex Chiasson.
4:59 of 1st period - Stopped by Andrei Vasilevsky without a rebound.
5:00 of 1st period - Anze Kopitar wins face-off versus Nazem Kadri in ARIZONA Coyotes zone.
5:05 of 1st period - Shot by Anze Kopitar.
5:05 of 1st period - Shot Blocked by Braden Schneider.
5:07 of 1st period - Shot by Gustav Lindstrom.
5:07 of 1st period - Shot Blocked by Nazem Kadri.
5:15 of 1st period - Brayden Point is hit by Johnny Gaudreau and loses puck.
5:22 of 1st period - Shot by Anze Kopitar.
5:22 of 1st period - Stopped by Andrei Vasilevsky without a rebound.
5:23 of 1st period - Dillon Dube wins face-off versus Philip Tomasino in ARIZONA Coyotes zone.
5:34 of 1st period - Shot by Philip Tomasino.
5:34 of 1st period - Stopped by Andrei Vasilevsky without a rebound.
5:35 of 1st period - Nazem Kadri wins face-off versus Alexander Wennberg in ARIZONA Coyotes zone.
5:35 of 1st period - Nazem Kadri is hit by Anthony Mantha.
5:41 of 1st period - Shot by Tyler Toffoli.
5:41 of 1st period - Shot Misses the Net.
5:43 of 1st period - Shot by Christian Djoos.
5:43 of 1st period - Shot Blocked by Sean Durzi.
5:51 of 1st period - Shot by Alexander Wennberg.
5:51 of 1st period - Stopped by Andrei Vasilevsky without a rebound.
5:52 of 1st period - Justin Abdelkader wins face-off versus Anze Kopitar in ARIZONA Coyotes zone.
6:02 of 1st period - Victor Olofsson is hit by Oscar Klefbom.
6:19 of 1st period - Victor Olofsson is hit by Jake Muzzin and loses puck.
6:24 of 1st period - Shot by Carl Hagelin.
6:24 of 1st period - Shot Misses the Net.
6:56 of 1st period - Shot by Matthew Tkachuk.
6:56 of 1st period - Stopped by Braden Holtby with a rebound.
6:58 of 1st period - Shot by Brayden Point.
6:58 of 1st period - Stopped by Braden Holtby without a rebound.
6:59 of 1st period - Beau Starret wins face-off versus Philip Tomasino in COLORADO Avalanche zone.
7:16 of 1st period - Shot by Luke Glendening.
7:16 of 1st period - Shot Misses the Net.
7:18 of 1st period - Shot by Mark Pysyk.
7:18 of 1st period - Shot Blocked by Matt Boldy.
7:20 of 1st period - Shot by Philip Tomasino.
7:20 of 1st period - Shot Blocked by Madison Bowey.
7:22 of 1st period - Shot by Philip Tomasino.
7:22 of 1st period - Goal by Philip Tomasino - COLORADO Avalanche : 1 - ARIZONA Coyotes : 0.
7:23 of 1st period - Tyler Toffoli wins face-off versus Nazem Kadri in neutral zone.
7:23 of 1st period - Tyler Toffoli is hit by Nazem Kadri.
8:02 of 1st period - Shot by Anthony Mantha.
8:02 of 1st period - Deflect By Alexander Wennberg.
8:02 of 1st period - Stopped by Andrei Vasilevsky without a rebound.
8:03 of 1st period - Beau Starret wins face-off versus Philip Tomasino in ARIZONA Coyotes zone.
8:28 of 1st period - Shot by Matt Boldy.
8:28 of 1st period - Shot Misses the Net.
8:35 of 1st period - Icing by Christian Djoos.
8:36 of 1st period - Philip Tomasino wins face-off versus Klim Kostin in COLORADO Avalanche zone.
8:38 of 1st period - Icing by Christian Djoos.
8:39 of 1st period - Nazem Kadri wins face-off versus Philip Tomasino in COLORADO Avalanche zone.
8:52 of 1st period - Shot by Matthew Tkachuk.
8:52 of 1st period - Stopped by Braden Holtby with a rebound.
8:56 of 1st period - Shot by Nazem Kadri.
8:56 of 1st period - Deflect By Brayden Point.
8:56 of 1st period - Stopped by Braden Holtby without a rebound.
8:57 of 1st period - Victor Olofsson wins face-off versus Anze Kopitar in COLORADO Avalanche zone.
9:00 of 1st period - Shot by Victor Olofsson.
9:00 of 1st period - Stopped by Braden Holtby without a rebound.
9:01 of 1st period - Anthony Mantha wins face-off versus Nazem Kadri in COLORADO Avalanche zone.
9:07 of 1st period - Off-side.
9:08 of 1st period - Nazem Kadri wins face-off versus Anze Kopitar in neutral zone.
9:17 of 1st period - Shot by Matthew Tkachuk.
9:17 of 1st period - Shot Misses the Net.
9:19 of 1st period - Shot by Madison Bowey.
9:19 of 1st period - Deflect By Brayden Point.
9:19 of 1st period - Shot Blocked by Oscar Klefbom.
9:21 of 1st period - Shot by Madison Bowey.
9:21 of 1st period - Stopped by Braden Holtby without a rebound.
9:22 of 1st period - Beau Starret wins face-off versus Alexander Wennberg in COLORADO Avalanche zone.
9:22 of 1st period - Matt Boldy is hit by Brenden Dillon.
9:37 of 1st period - Icing by Gustav Lindstrom.
9:38 of 1st period - Nazem Kadri wins face-off versus Alexander Wennberg in COLORADO Avalanche zone.
9:47 of 1st period - Shot by Gustav Lindstrom.
9:47 of 1st period - Shot Blocked by Madison Bowey.
10:24 of 1st period - Nazem Kadri is hit by Brenden Dillon and loses puck.
10:56 of 1st period - Minor Penalty to Dougie Hamilton for Hooking.
10:57 of 1st period - Johnny Gaudreau wins face-off versus Justin Abdelkader in ARIZONA Coyotes zone.
10:58 of 1st period - Shot by Christian Djoos.
10:58 of 1st period - Stopped by Andrei Vasilevsky without a rebound.
10:59 of 1st period - Anze Kopitar wins face-off versus Matthew Tkachuk in ARIZONA Coyotes zone.
11:22 of 1st period - Shot by Johnny Gaudreau.
11:22 of 1st period - Stopped by Andrei Vasilevsky without a rebound.
11:23 of 1st period - Matthew Tkachuk wins face-off versus Alexander Wennberg in ARIZONA Coyotes zone.
11:53 of 1st period - Shot by Mark Pysyk.
11:53 of 1st period - Shot Misses the Net.
12:59 of 1st period - Icing by Justin Abdelkader.
13:00 of 1st period - Justin Abdelkader wins face-off versus Glenn Gawdin in ARIZONA Coyotes zone.
13:29 of 1st period - Shot by Carl Hagelin.
13:29 of 1st period - Shot Misses the Net.
13:31 of 1st period - Shot by Victor Olofsson.
13:31 of 1st period - Shot Misses the Net.
13:57 of 1st period - Shot by Dillon Dube.
13:57 of 1st period - Shot Misses the Net.
16:12 of 1st period - Off-side.
16:13 of 1st period - Nazem Kadri wins face-off versus Philip Tomasino in neutral zone.
17:53 of 1st period - Shot by Anze Kopitar.
17:53 of 1st period - Stopped by Andrei Vasilevsky without a rebound.
17:54 of 1st period - Glenn Gawdin wins face-off versus Klim Kostin in ARIZONA Coyotes zone.
18:12 of 1st period - Jake Muzzin is hit by Klim Kostin and loses puck.
18:17 of 1st period - Shot by Klim Kostin.
18:17 of 1st period - Shot Blocked by Jake Muzzin.
18:19 of 1st period - Shot by Madison Bowey.
18:19 of 1st period - Shot Misses the Net.
18:21 of 1st period - Shot by Travis Boyd.
18:21 of 1st period - Stopped by Braden Holtby without a rebound.
18:22 of 1st period - Philip Tomasino wins face-off versus Beau Starret in COLORADO Avalanche zone.
18:38 of 1st period - Shot by Evgeny Svechnikov.
18:38 of 1st period - Shot Misses the Net.
18:40 of 1st period - Shot by Evgeny Svechnikov.
18:40 of 1st period - Deflect By Philip Tomasino.
18:40 of 1st period - Stopped by Andrei Vasilevsky without a rebound.
18:41 of 1st period - Justin Abdelkader wins face-off versus Anze Kopitar in ARIZONA Coyotes zone.
18:49 of 1st period - Gustav Lindstrom is hit by Justin Abdelkader and loses puck.
18:54 of 1st period - Shot by Johnny Gaudreau.
18:54 of 1st period - Shot Misses the Net.
18:56 of 1st period - Shot by Johnny Gaudreau.
18:56 of 1st period - Shot Blocked by Justin Abdelkader.
18:59 of 1st period - Johnny Gaudreau is hit by Vince Dunn and loses puck.
19:23 of 1st period - Johnny Gaudreau is hit by Dougie Hamilton.
19:25 of 1st period - Shot by Artemi Panarin.
19:25 of 1st period - Shot Misses the Net.
19:43 of 1st period - Shot by Tyler Toffoli.
19:43 of 1st period - Goal by Tyler Toffoli - COLORADO Avalanche : 2 - ARIZONA Coyotes : 0.
19:44 of 1st period - Philip Tomasino wins face-off versus Nazem Kadri in neutral zone.
19:52 of 1st period - Icing by Madison Bowey.
19:53 of 1st period - Alexander Wennberg wins face-off versus Nazem Kadri in ARIZONA Coyotes zone.
Goals for this period are 2 for COLORADO Avalanche vs 0 for ARIZONA Coyotes .
Shots for this period are 15 for COLORADO Avalanche vs 8 for ARIZONA Coyotes .

2nd period


0:01 of 2nd period - Matthew Tkachuk wins face-off versus Anze Kopitar in neutral zone.
0:07 of 2nd period - Icing by Oscar Klefbom.
0:08 of 2nd period - Anze Kopitar wins face-off versus Nazem Kadri in COLORADO Avalanche zone.
1:23 of 2nd period - Matt Boldy is hit by Alexander Wennberg and loses puck.
1:29 of 2nd period - Shot by Matt Boldy.
1:29 of 2nd period - Stopped by Braden Holtby with a rebound.
1:31 of 2nd period - Shot by Matt Boldy.
1:31 of 2nd period - Shot Blocked by Christian Djoos.
1:33 of 2nd period - Shot by Matt Boldy.
1:33 of 2nd period - Stopped by Braden Holtby without a rebound.
1:34 of 2nd period - Justin Abdelkader wins face-off versus Philip Tomasino in COLORADO Avalanche zone.
1:36 of 2nd period - Victor Olofsson is hit by Brenden Dillon and loses puck.
2:12 of 2nd period - Off-side.
2:13 of 2nd period - Nazem Kadri wins face-off versus Alexander Wennberg in neutral zone.
2:15 of 2nd period - Madison Bowey is hit by Christian Djoos and loses puck.
2:19 of 2nd period - Icing by Mark Pysyk.
2:20 of 2nd period - Beau Starret wins face-off versus Alexander Wennberg in COLORADO Avalanche zone.
2:20 of 2nd period - Beau Starret is hit by Christian Djoos.
2:28 of 2nd period - Shot by Vince Dunn.
2:28 of 2nd period - Stopped by Braden Holtby without a rebound.
2:29 of 2nd period - Nazem Kadri wins face-off versus Anze Kopitar in COLORADO Avalanche zone.
3:11 of 2nd period - Shot by Johnny Gaudreau.
3:11 of 2nd period - Shot Hit the Post.
3:56 of 2nd period - Shot by Alexander Wennberg.
3:56 of 2nd period - Stopped by Andrei Vasilevsky without a rebound.
3:57 of 2nd period - Beau Starret wins face-off versus Philip Tomasino in ARIZONA Coyotes zone.
3:57 of 2nd period - Beau Starret is hit by Luke Glendening.
4:40 of 2nd period - Shot by Evgeny Svechnikov.
4:40 of 2nd period - Stopped by Andrei Vasilevsky without a rebound.
4:41 of 2nd period - Klim Kostin wins face-off versus Anze Kopitar in ARIZONA Coyotes zone.
4:50 of 2nd period - Shot by Dillon Dube.
4:50 of 2nd period - Shot Misses the Net.
4:52 of 2nd period - Shot by Dillon Dube.
4:52 of 2nd period - Shot Misses the Net.
5:09 of 2nd period - Minor Penalty to Jake Muzzin for Holding.
5:10 of 2nd period - Luke Glendening wins face-off versus Beau Starret in COLORADO Avalanche zone.
5:47 of 2nd period - Luke Glendening is hit by Beau Starret and loses puck.
6:36 of 2nd period - Shot by Nazem Kadri.
6:36 of 2nd period - Deflect By Brayden Point.
6:36 of 2nd period - Stopped by Braden Holtby with a rebound.
7:41 of 2nd period - Icing by Oscar Klefbom.
7:42 of 2nd period - Dillon Dube wins face-off versus Artemi Panarin in COLORADO Avalanche zone.
8:12 of 2nd period - Off-side.
8:13 of 2nd period - Alexander Wennberg wins face-off versus Nazem Kadri in neutral zone.
8:22 of 2nd period - Shot by Anthony Mantha.
8:22 of 2nd period - Stopped by Andrei Vasilevsky with a rebound.
8:24 of 2nd period - Shot by Tyler Toffoli.
8:24 of 2nd period - Shot Misses the Net.
8:36 of 2nd period - Shot by Anthony Mantha.
8:36 of 2nd period - Shot Misses the Net.
8:38 of 2nd period - Shot by Anthony Mantha.
8:38 of 2nd period - Stopped by Andrei Vasilevsky with a rebound.
8:40 of 2nd period - Shot by Tyler Toffoli.
8:40 of 2nd period - Stopped by Andrei Vasilevsky without a rebound.
8:41 of 2nd period - Philip Tomasino wins face-off versus Beau Starret in ARIZONA Coyotes zone.
8:48 of 2nd period - Timo Meier is hit by Brenden Dillon.
9:31 of 2nd period - Minor Penalty to Luke Glendening for Tripping.
9:32 of 2nd period - Alexander Wennberg wins face-off versus Nazem Kadri in COLORADO Avalanche zone.
9:32 of 2nd period - Christian Djoos is hit by Matthew Tkachuk and loses puck.
10:33 of 2nd period - Shot by Matt Boldy.
10:33 of 2nd period - Stopped by Braden Holtby without a rebound.
10:34 of 2nd period - Philip Tomasino wins face-off versus Beau Starret in COLORADO Avalanche zone.
10:53 of 2nd period - Shot by Sean Durzi.
10:53 of 2nd period - Shot Misses the Net.
10:55 of 2nd period - Shot by Matt Boldy.
10:55 of 2nd period - Shot Blocked by Mark Pysyk.
10:57 of 2nd period - Shot by Sean Durzi.
10:57 of 2nd period - Stopped by Braden Holtby without a rebound.
10:58 of 2nd period - Alexander Wennberg wins face-off versus Nazem Kadri in COLORADO Avalanche zone.
11:17 of 2nd period - Shot by Madison Bowey.
11:17 of 2nd period - Shot Misses the Net.
11:39 of 2nd period - Shot by Tucker Poolman.
11:39 of 2nd period - Shot Blocked by Artemi Panarin.
11:49 of 2nd period - Shot by Artemi Panarin.
11:49 of 2nd period - Stopped by Andrei Vasilevsky without a rebound.
11:50 of 2nd period - Klim Kostin wins face-off versus Glenn Gawdin in ARIZONA Coyotes zone.
12:38 of 2nd period - Off-side.
12:39 of 2nd period - Anze Kopitar wins face-off versus Matthew Tkachuk in neutral zone.
12:48 of 2nd period - Shot by Nazem Kadri.
12:48 of 2nd period - Stopped by Braden Holtby without a rebound.
12:49 of 2nd period - Anze Kopitar wins face-off versus Beau Starret in COLORADO Avalanche zone.
12:53 of 2nd period - Artemi Panarin is hit by Madison Bowey and loses puck.
13:05 of 2nd period - Off-side.
13:06 of 2nd period - Alexander Wennberg wins face-off versus Nazem Kadri in neutral zone.
14:15 of 2nd period - Shot by Timo Meier.
14:15 of 2nd period - Shot Blocked by Oscar Klefbom.
14:23 of 2nd period - Shot by Timo Meier.
14:23 of 2nd period - Shot Misses the Net.
14:55 of 2nd period - Icing by Vince Dunn.
14:56 of 2nd period - Beau Starret wins face-off versus Philip Tomasino in ARIZONA Coyotes zone.
14:56 of 2nd period - Beau Starret is hit by Evgeny Svechnikov.
15:50 of 2nd period - Icing by Gustav Lindstrom.
15:51 of 2nd period - Nazem Kadri wins face-off versus Alexander Wennberg in COLORADO Avalanche zone.
15:52 of 2nd period - Shot by Matthew Tkachuk.
15:52 of 2nd period - Stopped by Braden Holtby without a rebound.
15:53 of 2nd period - Nazem Kadri wins face-off versus Alexander Wennberg in COLORADO Avalanche zone.
15:56 of 2nd period - Shot by Brayden Point.
15:56 of 2nd period - Goal by Brayden Point - COLORADO Avalanche : 2 - ARIZONA Coyotes : 1.
15:57 of 2nd period - Anze Kopitar wins face-off versus Nazem Kadri in neutral zone.
16:00 of 2nd period - Nazem Kadri is hit by Artemi Panarin and loses puck.
16:09 of 2nd period - Shot by Johnny Gaudreau.
16:09 of 2nd period - Shot Blocked by Vince Dunn.
16:11 of 2nd period - Shot by Artemi Panarin.
16:11 of 2nd period - Shot Misses the Net.
16:21 of 2nd period - Shot by Oscar Klefbom.
16:21 of 2nd period - Shot Blocked by Dougie Hamilton.
16:23 of 2nd period - Shot by Jake Muzzin.
16:23 of 2nd period - Shot Misses the Net.
16:25 of 2nd period - Shot by Artemi Panarin.
16:25 of 2nd period - Shot Misses the Net.
16:27 of 2nd period - Shot by Anze Kopitar.
16:27 of 2nd period - Stopped by Andrei Vasilevsky with a rebound.
17:25 of 2nd period - Shot by Sean Durzi.
17:25 of 2nd period - Shot Blocked by Christian Djoos.
17:33 of 2nd period - Minor Penalty to Anthony Mantha for Interference.
17:34 of 2nd period - Beau Starret wins face-off versus Luke Glendening in COLORADO Avalanche zone.
17:56 of 2nd period - Matt Boldy is hit by Jake Muzzin and loses puck.
18:57 of 2nd period - Shot by Nazem Kadri.
18:57 of 2nd period - Stopped by Braden Holtby without a rebound.
18:58 of 2nd period - Nazem Kadri wins face-off versus Glenn Gawdin in COLORADO Avalanche zone.
19:24 of 2nd period - Icing by Brayden Point.
19:25 of 2nd period - Glenn Gawdin wins face-off versus Nazem Kadri in ARIZONA Coyotes zone.
19:46 of 2nd period - Johnny Gaudreau is hit by Tucker Poolman and loses puck.
Goals for this period are 0 for COLORADO Avalanche vs 1 for ARIZONA Coyotes .
Shots for this period are 7 for COLORADO Avalanche vs 10 for ARIZONA Coyotes .

3rd period


0:01 of 3rd period - Anze Kopitar wins face-off versus Nazem Kadri in neutral zone.
0:06 of 3rd period - Shot by Anze Kopitar.
0:06 of 3rd period - Shot Misses the Net.
0:16 of 3rd period - Johnny Gaudreau is hit by Matthew Tkachuk and loses puck.
0:30 of 3rd period - Minor Penalty to Brayden Point for Tripping.
0:31 of 3rd period - Matthew Tkachuk wins face-off versus Alexander Wennberg in ARIZONA Coyotes zone.
0:31 of 3rd period - Matthew Tkachuk is hit by Anthony Mantha.
1:03 of 3rd period - Shot by Anthony Mantha.
1:03 of 3rd period - Stopped by Andrei Vasilevsky without a rebound.
1:04 of 3rd period - Justin Abdelkader wins face-off versus Anze Kopitar in ARIZONA Coyotes zone.
1:14 of 3rd period - Off-side.
1:15 of 3rd period - Johnny Gaudreau wins face-off versus Matthew Tkachuk in neutral zone.
1:32 of 3rd period - Timo Meier is hit by Johnny Gaudreau and loses puck.
2:19 of 3rd period - Shot by Mark Pysyk.
2:19 of 3rd period - Shot Misses the Net.
2:36 of 3rd period - Icing by Gustav Lindstrom.
2:37 of 3rd period - Klim Kostin wins face-off versus Philip Tomasino in COLORADO Avalanche zone.
2:42 of 3rd period - Shot by Travis Boyd.
2:42 of 3rd period - Shot Misses the Net.
2:54 of 3rd period - Shot by Luke Glendening.
2:54 of 3rd period - Shot Misses the Net.
2:56 of 3rd period - Shot by Philip Tomasino.
2:56 of 3rd period - Deflect By Evgeny Svechnikov.
2:56 of 3rd period - Shot Blocked by Klim Kostin.
2:58 of 3rd period - Shot by Philip Tomasino.
2:58 of 3rd period - Stopped by Andrei Vasilevsky without a rebound.
2:59 of 3rd period - Alexander Wennberg wins face-off versus Beau Starret in ARIZONA Coyotes zone.
3:02 of 3rd period - Shot by Mark Pysyk.
3:02 of 3rd period - Shot Blocked by Dougie Hamilton.
3:22 of 3rd period - Shot by Timo Meier.
3:22 of 3rd period - Stopped by Braden Holtby with a rebound.
3:38 of 3rd period - Shot by Dougie Hamilton.
3:38 of 3rd period - Stopped by Braden Holtby without a rebound.
3:39 of 3rd period - Nazem Kadri wins face-off versus Anze Kopitar in COLORADO Avalanche zone.
3:54 of 3rd period - Shot by Anze Kopitar.
3:54 of 3rd period - Stopped by Andrei Vasilevsky with a rebound.
3:56 of 3rd period - Shot by Jake Muzzin.
3:56 of 3rd period - Stopped by Andrei Vasilevsky without a rebound.
3:57 of 3rd period - Philip Tomasino wins face-off versus Justin Abdelkader in ARIZONA Coyotes zone.
3:58 of 3rd period - Shot by Evgeny Svechnikov.
3:58 of 3rd period - Shot Misses the Net.
4:01 of 3rd period - Icing by Braden Schneider.
4:02 of 3rd period - Justin Abdelkader wins face-off versus Anze Kopitar in ARIZONA Coyotes zone.
4:42 of 3rd period - Off-side.
4:43 of 3rd period - Brayden Point wins face-off versus Alexander Wennberg in neutral zone.
4:43 of 3rd period - Nazem Kadri is hit by Anthony Mantha and loses puck.
5:20 of 3rd period - Shot by Nazem Kadri.
5:20 of 3rd period - Stopped by Braden Holtby with a rebound.
6:11 of 3rd period - Evgeny Svechnikov is hit by Madison Bowey and loses puck.
6:47 of 3rd period - Icing by Tucker Poolman.
6:48 of 3rd period - Glenn Gawdin wins face-off versus Justin Abdelkader in ARIZONA Coyotes zone.
6:56 of 3rd period - Off-side.
6:57 of 3rd period - Tyler Toffoli wins face-off versus Klim Kostin in neutral zone.
7:49 of 3rd period - Minor Penalty to Artemi Panarin for High sticking.
7:50 of 3rd period - Luke Glendening wins face-off versus Nazem Kadri in COLORADO Avalanche zone.
7:58 of 3rd period - Icing by Nazem Kadri.
7:59 of 3rd period - Luke Glendening wins face-off versus Nazem Kadri in ARIZONA Coyotes zone.
10:18 of 3rd period - Shot by Artemi Panarin.
10:18 of 3rd period - Shot Misses the Net.
10:20 of 3rd period - Shot by Gustav Lindstrom.
10:20 of 3rd period - Shot Misses the Net.
10:22 of 3rd period - Shot by Gustav Lindstrom.
10:22 of 3rd period - Stopped by Andrei Vasilevsky without a rebound.
10:23 of 3rd period - Glenn Gawdin wins face-off versus Klim Kostin in ARIZONA Coyotes zone.
10:23 of 3rd period - Christian Djoos is hit by Vince Dunn and loses puck.
11:28 of 3rd period - Sean Durzi is hit by Johnny Gaudreau and loses puck.
11:34 of 3rd period - Artemi Panarin is hit by Madison Bowey and loses puck.
11:43 of 3rd period - Shot by Artemi Panarin.
11:43 of 3rd period - Shot Blocked by Madison Bowey.
11:45 of 3rd period - Shot by Artemi Panarin.
11:45 of 3rd period - Shot Misses the Net.
11:47 of 3rd period - Shot by Anze Kopitar.
11:47 of 3rd period - Shot Misses the Net.
11:49 of 3rd period - Shot by Johnny Gaudreau.
11:49 of 3rd period - Stopped by Andrei Vasilevsky without a rebound.
11:50 of 3rd period - Beau Starret wins face-off versus Anthony Mantha in ARIZONA Coyotes zone.
11:50 of 3rd period - Braden Schneider is hit by Anthony Mantha.
11:59 of 3rd period - Timo Meier is hit by Brenden Dillon and loses puck.
12:16 of 3rd period - Brenden Dillon is hit by Timo Meier and loses puck.
12:32 of 3rd period - Minor Penalty to Brenden Dillon for Boarding.
12:33 of 3rd period - Nazem Kadri wins face-off versus Luke Glendening in COLORADO Avalanche zone.
12:48 of 3rd period - Shot by Nazem Kadri.
12:48 of 3rd period - Stopped by Braden Holtby with a rebound.
12:50 of 3rd period - Shot by Dougie Hamilton.
12:50 of 3rd period - Shot Misses the Net.
13:13 of 3rd period - Icing by Madison Bowey.
13:14 of 3rd period - Glenn Gawdin wins face-off versus Nazem Kadri in ARIZONA Coyotes zone.
13:49 of 3rd period - Icing by Timo Meier.
13:50 of 3rd period - Beau Starret wins face-off versus Luke Glendening in ARIZONA Coyotes zone.
14:49 of 3rd period - Shot by Johnny Gaudreau.
14:49 of 3rd period - Stopped by Andrei Vasilevsky without a rebound.
14:50 of 3rd period - Nazem Kadri wins face-off versus Glenn Gawdin in ARIZONA Coyotes zone.
15:21 of 3rd period - Shot by Brayden Point.
15:21 of 3rd period - Deflect By Matthew Tkachuk.
15:21 of 3rd period - Shot Misses the Net.
15:23 of 3rd period - Shot by Tucker Poolman.
15:23 of 3rd period - Shot Misses the Net.
15:57 of 3rd period - Shot by Victor Olofsson.
15:57 of 3rd period - Shot Blocked by Christian Djoos.
16:15 of 3rd period - Shot by Justin Abdelkader.
16:15 of 3rd period - Stopped by Braden Holtby without a rebound.
16:16 of 3rd period - Beau Starret wins face-off versus Anze Kopitar in COLORADO Avalanche zone.
16:28 of 3rd period - Icing by Timo Meier.
16:29 of 3rd period - Alexander Wennberg wins face-off versus Beau Starret in ARIZONA Coyotes zone.
17:28 of 3rd period - Shot by Artemi Panarin.
17:28 of 3rd period - Shot Misses the Net.
17:30 of 3rd period - Shot by Brenden Dillon.
17:30 of 3rd period - Stopped by Andrei Vasilevsky without a rebound.
17:31 of 3rd period - Justin Abdelkader wins face-off versus Anze Kopitar in ARIZONA Coyotes zone.
17:50 of 3rd period - Shot by Artemi Panarin.
17:50 of 3rd period - Stopped by Andrei Vasilevsky with a rebound.
17:52 of 3rd period - Shot by Johnny Gaudreau.
17:52 of 3rd period - Stopped by Andrei Vasilevsky without a rebound.
17:53 of 3rd period - Nazem Kadri wins face-off versus Philip Tomasino in ARIZONA Coyotes zone.
17:53 of 3rd period - Brayden Point is hit by Luke Glendening and loses puck.
18:10 of 3rd period - Off-side.
18:11 of 3rd period - Beau Starret wins face-off versus Anze Kopitar in neutral zone.
18:35 of 3rd period - Double Minor Penalty to Beau Starret for Roughing.
18:36 of 3rd period - Matthew Tkachuk wins face-off versus Alexander Wennberg in ARIZONA Coyotes zone.
18:53 of 3rd period - Shot by Anthony Mantha.
18:53 of 3rd period - Deflect By Tyler Toffoli.
18:53 of 3rd period - Stopped by Andrei Vasilevsky without a rebound.
18:54 of 3rd period - Anze Kopitar wins face-off versus Matthew Tkachuk in ARIZONA Coyotes zone.
18:54 of 3rd period - Artemi Panarin is hit by Dougie Hamilton.
19:00 of 3rd period - Shot by Artemi Panarin.
19:00 of 3rd period - Shot Misses the Net.
19:02 of 3rd period - Shot by Jake Muzzin.
19:02 of 3rd period - Deflect By Artemi Panarin.
19:02 of 3rd period - Stopped by Andrei Vasilevsky without a rebound.
19:03 of 3rd period - Anze Kopitar wins face-off versus Matthew Tkachuk in ARIZONA Coyotes zone.
19:08 of 3rd period - Shot by Johnny Gaudreau.
19:08 of 3rd period - Shot Misses the Net.
19:10 of 3rd period - Shot by Anze Kopitar.
19:10 of 3rd period - Deflect By Johnny Gaudreau.
19:10 of 3rd period - Shot Misses the Net.
19:12 of 3rd period - Shot by Artemi Panarin.
19:12 of 3rd period - Stopped by Andrei Vasilevsky with a rebound.
19:24 of 3rd period - Shot by Artemi Panarin.
19:24 of 3rd period - Goal by Artemi Panarin - COLORADO Avalanche : 3 - ARIZONA Coyotes : 1.
19:25 of 3rd period - Matthew Tkachuk wins face-off versus Alexander Wennberg in neutral zone.
19:34 of 3rd period - Shot by Christian Djoos.
19:34 of 3rd period - Stopped by Andrei Vasilevsky with a rebound.
Goals for this period are 1 for COLORADO Avalanche vs 0 for ARIZONA Coyotes .
Shots for this period are 15 for COLORADO Avalanche vs 5 for ARIZONA Coyotes .